 Dungeon Crawl Stone Soup version 0.31-a0-618-g7ca08c1ff9 (webtiles) character file.

Game seed: 12588349356019409640

131 freelancePsychic the Trooper (level 4, -3/35 HPs)
             Began as a Demonspawn Shapeshifter on Aug 22, 2023.
             Was an Initiate of Trog.
             Slain by an orc wizard
             ... wielding a +0 dagger
              (4 damage)
             ... on level 3 of the Dungeon.
             The game lasted 00:04:01 (2799 turns).

freelancePsychic the Trooper (DsSh)                 Turns: 2799, Time: 00:04:01

Health: -3/35      AC:  8    Str: 21    XL:     4   Next: 91%
Magic:  4/4        EV:  8    Int: 10    God:    Trog [......]
Gold:   135        SH:  0    Dex: 15    Spells: 3/3 levels left

rFire   . . .        a - +0 trident
rCold   . . .        q - orb {*Rage}
rNeg    + . .        w - +0 chain mail
rPois   .            (helmet currently unavailable)
rElec   .            (cloak currently unavailable)
rCorr   .            (gloves currently unavailable)
SInv    .            (boots currently unavailable)
Will    .....        (no amulet) Stlth
                     e - ring of positive energy
HPRegen 0.25/turn    x - +6 ring of strength
MPRegen 0.09/turn

%: random rage (20%)
@: beast-form, on berserk cooldown, slowed, very slow
A: beast (slay +1), ignite blood 1
a: Begin Untransformation, Renounce Religion


You were on level 3 of the Dungeon.
You worshipped Trog.
Trog was noncommittal.
You were a hulking beast.
You visited 1 branch of the dungeon, and saw 4 of its levels.

You collected 135 gold pieces.

Inventory:

Hand Weapons
 a - a +0 trident (weapon)
 b - a +0 sling
 r - a +0 hand axe
Missiles
 p - a throwing net
Armour
 q - an orb of wrath (worn)
 v - a +0 animal skin
 w - a +0 chain mail (worn)
Jewellery
 e - a ring of positive energy (left hand)
 i - a ring of fire
 x - a +6 ring of strength (right hand)
Talismans
 c - a beast talisman (active)
 d - a flux talisman
Scrolls
 h - a scroll of enchant weapon {unknown}
 l - a scroll of vulnerability {unknown}
 m - a scroll of poison {unknown}
 n - a scroll of enchant armour {unknown}
 o - 5 scrolls of identify {unknown}
 s - a scroll of immolation {unknown}
 t - a scroll of fog {unknown}
Potions
 f - a potion of attraction {unknown}
 g - 2 potions of lignification
 j - a potion of heal wounds {unknown}
 k - 2 potions of mutation {unknown}
 u - a potion of brilliance {unknown}


   Skills:
 + Level 3.4 Fighting
 + Level 1.1 Polearms
 - Level 1.7 Ranged Weapons
 - Level 1.7 Dodging
 - Level 2.9 Unarmed Combat
 - Level 2.9 Shapeshifting


You had 3 spell levels left.
You didn't know any spells.
Your spell library contained the following spells:

 Spells                   Type           Power      Damage    Failure   Level
 Vhi's Electric Charge    Tloc/Air       0%         N/A       100%        3
 Arcjolt                  Conj/Air       0%         1d10      100%        5
 Maxwell's Capacitive Co  Air            0%         ∞         100%        8


Dungeon Overview and Level Annotations

Branches:
Dungeon (4/15)
 Temple: D:4-7

Altars:
Trog

Shops:
D:1 :   D:3 :


Innate Abilities, Weirdness & Mutations

You are a hulking beast.
Your limbs bulge with bestial killing power. (Slay +1)
Your demonic aura sometimes causes spilled blood to erupt in flames.


Message History

The orc hits you with a +0 flail.
* * * LOW HITPOINT WARNING * * *
The orc priest hits you but does no damage.
The goblin hits you but does no damage.
You closely miss the orc priest.
The orc priest is lightly wounded.
The ball python bites you but does no damage.
The ball python constricts you.
* * * LOW HITPOINT WARNING * * *
Something hits you but does no damage. The orc barely misses you.
The orc priest barely misses you. The goblin hits you with a +0 club.
* * * LOW HITPOINT WARNING * * *
You puncture the orc priest!
The orc priest is almost dead.
The ball python bites you.
* * * LOW HITPOINT WARNING * * *
The ball python constricts you.
The ball python bites you but does no damage.
The ball python constricts you.
You barely miss the orc priest.
The orc priest is almost dead.
The orc priest is engulfed in blazing flames.
You kill the orc priest!
Trog accepts your kill. The goblin hits you but does no damage.
Something hits you but does no damage. The orc barely misses you.
Your Polearms skill increases to level 1!
You impale the ball python!!
You kill the ball python!
Trog accepts your kill.
You are no longer berserk.
You are exhausted.
You feel yourself slow down.
You hear some strange, mumbled words.
A magic dart appears from out of thin air!
The magic dart hits you!
* * * LOW HITPOINT WARNING * * *
The goblin completely misses you. The orc closely misses you.
You barely miss the orc. Something hits you.
You die...

########## #..[...# #........#
#......######## #........#
#......##.....# #........#
#......##.##.## #........#
#......##.##.# #........#
#......##.##.#
#........######......##.##.######
.:.......#.....g#o##....##......#
.÷.......'.....†h...###########.#
#........#......°{#.# #.#
#........#.......##.# #.#
#.....÷..#..........# #..
#................#### ###
#................# ###
##########..####.# #.. ..# ##.<#
#.# #.# ..# ##.# #.# #.#


You could see an orc and a goblin.

Vanquished Creatures
  An orc priest (D:3)
  3 gnolls (D:2)
  An adder (D:3)
  A worm (D:2)
  3 dart slugs
  An orc (D:3)
  8 ball pythons
  3 endoplasms
  3 giant cockroaches (D:1)
  2 goblins (D:1)
  9 hobgoblins
  2 jackals (D:3)
  A quokka (D:3)
  6 bats
  2 frilled lizards
  5 kobolds
  5 rats
56 creatures vanquished.

Notes
Turn   | Place    | Note
-------+----------+-------------------------------------------
     0 | D:1      | freelancePsychic the Demonspawn Shapeshifter began the
                  | quest for the Orb.
     0 | D:1      | Reached XP level 1. HP: 15/15 MP: 1/1
   173 | D:1      | Gained mutation: Your demonic aura sometimes causes spilled
                  | blood to erupt in flames. [demonic ancestry]
   173 | D:1      | Reached XP level 2. HP: 21/21 MP: 2/2
   271 | D:1      | Found Woulogim's Vocational Training.
   799 | D:2      | Reached skill level 2 in Fighting
   997 | D:2      | Reached skill level 1 in Ranged Weapons
   997 | D:2      | Reached XP level 3. HP: 27/27 MP: 3/3
   998 | D:2      | Found a faded altar of an unknown god.
  1130 | D:2      | Found a bloodstained altar of Trog.
  2024 | D:3      | Reached XP level 4. HP: 34/34 MP: 4/4
  2275 | D:2      | Became a worshipper of Trog the Wrathful
  2365 | D:3      | Reached skill level 3 in Fighting
  2648 | D:3      | Found Meuwniem's Book Shoppe.
  2789 | D:4      | Noticed a scorpion
  2798 | D:3      | Reached skill level 1 in Polearms
  2798 | D:3      | HP: 1/35 [something/magic dart (7)]
  2799 | D:3      | Slain by an orc wizard

Illustrated notes

Levels and vault maps discovered:
D:1:      dpeg_arrival_rhombus, layout_loops_ring, nicolae_shop_vocational
D:2:      layout_basic, ebering_ecumenical_altar_box, basic_altar
D:3:      layout_basic, serial_shops, nicolae_shop_waterfront
D:4:      layout_cave_pools, zin_academy, temple_garden, uniq_sigmund

Skill      XL: |  1  2  3  4 |
---------------+-------------+-----
Fighting       | 2 3 |  3.4
Ranged Weapons | 1 |  1.7
Polearms       | 1 |  1.1
Dodging        | |  1.7
Unarmed Combat | |  2.9
Shapeshifting  | |  2.9

Action                     |  1- 3 |  4- 6 || total
---------------------------+-------+-------++-------
  Melee: Unarmed           |    42 |       ||    42
         Punch             |     1 |       ||     1
         Trident           |       |    16 ||    16
   Fire: Sling             |    94 |    56 ||   150
   Stab: Sleeping          |     1 |       ||     1
 Armour: Animal skin       |    15 |     4 ||    19
         Chain mail        |       |    35 ||    35
  Dodge: Dodged            |    64 |    28 ||    92

Table legend: (Time is in decaauts)
 A = Elapsed time spent in this place.
 B = Non-inter-level travel time spent in this place.
 C = Inter-level travel time spent in this place.
 D = Time resting spent in this place.
 E = Time spent auto-exploring this place.
 F = Levels seen in this place.
 G = Mean time per level.
                   A        B        C        D        E       F      G
               +--------+--------+--------+--------+--------+-----+--------+
         Total |   2858 |   2591 |    267 |    207 |   1931 |   4 |  714.5 |
       Dungeon |   2858 |   2591 |    267 |    207 |   1931 |   4 |  714.5 |
               +--------+--------+--------+--------+--------+-----+--------+

Top non-repeatable levels by time:
     D:1: 1058 daAuts
     D:2: 965 daAuts
     D:3: 816 daAuts
     D:4: 18 daAuts
